 Dungeon Crawl Stone Soup version 0.31-a0-819-gf6de2f5ab6 (webtiles) character file.

Game seed: 2104483653079586605

8341 qw the Skirmisher (level 11, -14/71 HPs)
             Began as a Gargoyle Hunter on Sept 23, 2023.
             Was a Believer of Okawaru.
             Demolished by Harold
             ... wielding a +0 morningstar
              (15 damage)
             ... on level 10 of the Dungeon.
             The game lasted 00:04:23 (9855 turns).

qw the Skirmisher (Gargoyle Hunter)                 Turns: 9855, Time: 00:04:23

Health: -14/71     AC: 18    Str: 15    XL:     11   Next: 29%
Magic:  13/14      EV: 22    Int: 10    God:    Okawaru [**....]
Gold:   582        SH:  0    Dex: 17    Spells: 10/10 levels left

rFire   . . .        d - +2 orcbow (flame)
rCold   + . .        (shield currently unavailable)
rNeg    + . .        j - +3 leather armour
rPois   inf          q - +2 helmet
rElec   +            (no cloak)
rCorr   .            (no gloves)
SInv    .            (no boots)
Will    .....        (no amulet)
Stlth   +++          i - +5 ring of evasion
HPRegen 0.31/turn    c - ring of protection from cold
MPRegen 0.14/turn

%: no passive effects
@: about to teleport, heroic, marked
A: sickness immunity, AC +8, negative energy resistance 1, electricity
resistance, torment resistance 1, petrification resistance
a: Renounce Religion, Heroism


You were on level 10 of the Dungeon.
You worshipped Okawaru.
Okawaru was pleased with you.
You visited 2 branches of the dungeon, and saw 11 of its levels.

You collected 582 gold pieces.


Innate Abilities, Weirdness & Mutations

You are immune to sickness and miasma.
Your stone body is resilient. (AC +8)
You are immune to poison.
You resist negative energy. (rN+)
You are resistant to electric shocks. (rElec)
You are resistant to unholy torment.
You are immune to petrification.


   Skills:
 + Level 9.5(14.5) Fighting
 - Level 14.0(19.0) Ranged Weapons
 - Level 2.2(7.2) Armour
 - Level 4.1(9.1) Dodging
 - Level 1.1(6.1) Stealth
 - Level 4.0 Invocations


You had 10 spell levels left.
You didn't know any spells.
Your spell library was empty.

Inventory:

Hand Weapons
 d - a +2 orcbow of flaming (weapon)
Armour
 b - a +0 troll leather armour
 j - a +3 leather armour (worn)
 q - a +2 helmet (worn)
Jewellery
 c - a ring of protection from cold (right hand)
 i - a +5 ring of evasion (left hand)
 k - a ring of willpower
Scrolls
 f - 3 scrolls of identify
 o - a scroll of teleportation
Potions
 a - 3 potions of curing
 e - 2 potions of haste
 g - 4 potions of might
 h - a potion of enlightenment
 l - 2 potions of mutation
 n - a potion of resistance

Dungeon Overview and Level Annotations

Branches:
Dungeon (10/15)            Temple (1/1) D:7
   Lair: D:8-11         Orc: D:9-12

Altars:
Ashenzari
Cheibriados
Dithmenos
Elyvilon
Fedhas
Gozag
Hepliaklqana
Kikubaaqudgha
Makhleb
Okawaru
Qazlal
Sif Muna
Uskayaw
Wu Jian
Xom
Yredelemnul
Zin
The Shining One

Portals:
Abyss: D:6

Annotations:
D:3 1 runed translucent door, qw's ghost, amateur GrHu
D:6 2 transporters, 1 runed translucent door, Crazy Yiuf; qw's ghost, novice GrHu
D:10 Harold


Message History

You shoot an arrow. The arrow hits the yak!
The arrow burns the yak.
You kill the yak!
Okawaru accepts your kill. Something closely misses you. Something bites you.
Harold says, "Ah, this is what I got into this business for!"
Harold zaps a wand.
You suddenly lose the ability to move!
Something hits you but does no damage. Something bites you but does no damage.
Harold hits you with a +0 morningstar! Something hits you! Something bites you.
Harold gestures at you while chanting. A sentinel's mark forms upon you.
Something hits you. Something bites you but does no damage.
Harold hits you but does no damage.
An orc warrior comes into view. It is wielding a +0 war axe.
Something hits you but does no damage. Something bites you.
Harold zaps a wand.
You easily resist.
You can move again.
You shoot an arrow. The arrow hits Harold.
The arrow burns Harold.
Harold is lightly wounded.
Something hits you but does no damage. Something closely misses you.
Harold hits you but does no damage.
You shoot an arrow.
The arrow hits Harold but does no damage.
Harold is lightly wounded.
You shoot an arrow. The arrow barely misses Harold.
You hear the steady creaking of a distant portcullis.
Something closely misses you. Something bites you. Harold closely misses you.
You shoot an arrow. The arrow hits Harold!
The arrow burns Harold.
Harold is moderately wounded.
Something misses you. Something completely misses you.
Harold hits you with a +0 morningstar.
You shoot an arrow. The arrow hits Harold!
The arrow burns Harold.
Harold is heavily wounded.
Something closely misses you. Something bites you! Harold closely misses you.
9855 ||| READING 2 scrolls of teleportation.
As you read the scroll of teleportation, it crumbles to dust.
You feel strangely unstable. Something hits you. Something bites you!
Harold hits you with a +0 morningstar!
You die...
Harold sighs, "Finally, I can get that cattle farm and settle down."

... ##....... .... ##......
....# ##..... .....# ##....
......# ##..... ..[....##
##...... ........##
##.......
.........###########........
.........Y{@....%...........
.........o@%................
############################


You could see Harold, a yak and an orc warrior.

Vanquished Creatures
  2 two-headed ogres
  A cyclops (D:9)
  Psyche (D:8)
  A troll (D:10)
  A hornet (D:10)
  A wyvern (D:10)
  Sigmund (D:5)
  A wraith (D:9)
  8 yaks
  Eustachio (D:5)
  2 steam dragons
  Grum (D:8)
  Menkaure (D:5)
  An acid dragon (D:9)
  A water moccasin (D:8)
  A sky beast (D:7)
  4 orc warriors
  2 black bears
  2 ice beasts (D:6)
  3 ogres
  7 centaurs
  2 wolves (D:8)
  3 kobold brigands
  A bullfrog (D:8)
  2 scorpions
  6 wights
  4 killer bees (D:9)
  2 howler monkeys
  4 electric eels (D:8)
  3 orc priests
  A gnoll bouda (D:5)
  3 hounds
  2 sleepcaps
  6 orc wizards
  5 iguanas
  6 gnolls
  7 adders
  2 white imps
  A worm (D:2)
  A dart slug (D:2)
  36 orcs
  5 ball pythons
  4 endoplasms
  2 giant cockroaches (D:1)
  17 goblins
  10 hobgoblins
  9 jackals
  3 quokkas
  5 bats
  3 frilled lizards
  15 kobolds
  3 rats
216 creatures vanquished.

Vanquished Creatures (others)
  A yak (D:10)
1 creature vanquished.

Grand Total: 217 creatures vanquished

Notes
Turn   | Place    | Note
-------+----------+-------------------------------------------
     0 | D:1      | qw the Gargoyle Hunter began the quest for the Orb.
     0 | D:1      | Reached XP level 1. HP: 12/12 MP: 1/1
     0 | D:1      | 0 ||| qw: Version: 0.3-a-83-gcd0e7d8
     0 | D:1      | 0 ||| qw: Game counter: 1373
     0 | D:1      | 0 ||| qw: Melee chars always use a shield: true
     0 | D:1      | 0 ||| qw: God list: Okawaru
     0 | D:1      | 0 ||| qw: Allow faded altars: false
     0 | D:1      | 0 ||| qw: Do Orc after clearing Dungeon:15 true
     0 | D:1      | 0 ||| qw: Do second Lair branch before Depths: true
     0 | D:1      | 0 ||| qw: Lair rune preference: random
     0 | D:1      | 0 ||| qw: Goals: Normal
     0 | D:1      | 0 ||| PLANNING D:1-11
   125 | D:1      | Reached XP level 2. HP: 17/17 MP: 2/2
   148 | D:1      | 148 ||| Stepping ~*~*~tactically~*~*~ (retreating).
   399 | D:1      | Found a faded altar of an unknown god.
   421 | D:1      | Reached XP level 3. HP: 21/21 MP: 3/3
   492 | D:1      | Reached skill level 5 in Ranged Weapons
   576 | D:1      | 576 ||| READING scroll labelled VIUMUB RECRUOS.
   594 | D:1      | 594 ||| READING 2 scrolls labelled GOFONO SOEWOET.
   595 | D:1      | 595 ||| READING scroll labelled HUVATE ZOALI.
   596 | D:1      | 596 ||| DROPPING scroll of butterflies.
   833 | D:2      | 833 ||| FLEEEEING.
   834 | D:2      | 834 ||| FLEEEEING.
  1093 | D:2      | Reached skill level 3 in Fighting
  1324 | D:2      | 1324 ||| UPGRADING to +0 ring mail.
  1334 | D:2      | 1334 ||| DROPPING +0 leather armour.
  1335 | D:2      | 1335 ||| DROPPING amulet of magic regeneration.
  1336 | D:2      | 1336 ||| READING scroll labelled QEL GORCHULESKU.
  1339 | D:2      | 1339 ||| READING 2 scrolls of identify.
  1339 | D:2      | 1339 ||| IDENTIFYING white potion
  1416 | D:3      | 1416 ||| Stepping ~*~*~tactically~*~*~ (water).
  1441 | D:3      | Reached XP level 4. HP: 28/28 MP: 4/4
  1486 | D:3      | Reached skill level 1 in Armour
  1750 | D:3      | Found a runed translucent door.
  1753 | D:3      | Noticed qw's ghost (amateur GrHu)
  1983 | D:3      | Noticed a kobold brigand
  1984 | D:3      | Noticed a kobold brigand
  1985 | D:3      | 1985 ||| RETREEAATING.
  1986 | D:3      | 1986 ||| STILL RETREEAATING.
  1987 | D:3      | 1987 ||| STILL RETREEAATING.
  1988 | D:3      | 1988 ||| STILL RETREEAATING.
  1991 | D:3      | 1991 ||| STILL RETREEAATING.
  1992 | D:3      | 1992 ||| STILL RETREEAATING.
  1993 | D:3      | 1993 ||| STILL RETREEAATING.
  1995 | D:3      | 1995 ||| STILL RETREEAATING.
  1996 | D:3      | 1996 ||| STILL RETREEAATING.
  1997 | D:3      | 1997 ||| STILL RETREEAATING.
  1998 | D:3      | 1998 ||| STILL RETREEAATING.
  1999 | D:3      | 1999 ||| STILL RETREEAATING.
  2000 | D:3      | 2000 ||| STILL RETREEAATING.
  2003 | D:3      | 2003 ||| STILL RETREEAATING.
  2004 | D:3      | Killed a kobold brigand
  2005 | D:3      | Reached skill level 6 in Ranged Weapons
  2005 | D:3      | Reached XP level 5. HP: 32/32 MP: 5/5
  2014 | D:3      | Killed a kobold brigand
  2223 | D:3      | 2223 ||| READING 2 scrolls labelled INLEPU ORHO.
  2224 | D:3      | 2224 ||| READING scroll of enchant weapon.
  2224 | D:3      | 2224 ||| ENCHANTING +1 shortbow.
  2225 | D:3      | 2225 ||| READING 2 scrolls of identify.
  2225 | D:3      | 2225 ||| IDENTIFYING smoky dark potion
  2244 | D:4      | Reached XP level 6. HP: 38/38 MP: 6/6
  2295 | D:4      | Identified the +0 robe "Impoynotz" {Drain rC+ rCorr Int+6}
  2527 | D:4      | Reached skill level 7 in Ranged Weapons
  2564 | D:4      | Found a glowing silver altar of Zin.
  2581 | D:4      | Found a blossoming altar of Fedhas.
  2899 | D:4      | 2899 ||| UPGRADING to +0 robe "Impoynotz" {Drain rC+ rCorr
                  | Int+6}.
  2909 | D:4      | 2909 ||| DROPPING +0 ring mail.
  2910 | D:4      | 2910 ||| UPGRADING to +3 leather armour.
  2920 | D:4      | 2920 ||| DROPPING +0 robe "Impoynotz" {Drain rC+ rCorr
                  | Int+6}.
  2921 | D:4      | 2921 ||| READING scroll labelled TOMNEO AXAA.
  2922 | D:4      | 2922 ||| READING 3 scrolls of identify.
  2922 | D:4      | 2922 ||| IDENTIFYING puce potion
  2923 | D:4      | 2923 ||| READING 2 scrolls of identify.
  2923 | D:4      | 2923 ||| IDENTIFYING inky potion
  2924 | D:4      | 2924 ||| DROPPING potion of brilliance.
  2960 | D:5      | Entered Level 5 of the Dungeon
  2965 | D:5      | Noticed a black bear
  2966 | D:5      | 2966 ||| RETREEAATING.
  2976 | D:5      | Reached XP level 7. HP: 22/36 MP: 7/7
  3152 | D:5      | 3152 ||| Stepping ~*~*~tactically~*~*~ (retreating).
  3153 | D:5      | 3153 ||| Stepping ~*~*~tactically~*~*~ (retreating).
  3154 | D:5      | 3154 ||| Stepping ~*~*~tactically~*~*~ (retreating).
  3157 | D:5      | 3157 ||| Stepping ~*~*~tactically~*~*~ (retreating).
  3265 | D:5      | HP: 4/43 [iguana (8)]
  3266 | D:5      | 3266 ||| DRINKING potion of heal wounds.
  3280 | D:5      | HP: 10/43 [centaur (5)]
  3282 | D:5      | Reached skill level 8 in Ranged Weapons
  3404 | D:5      | 3404 ||| SWAPPING to +1 heavy shortbow.
  3405 | D:5      | 3405 ||| DROPPING +2 shortbow.
  3566 | D:5      | Noticed Eustachio
  3574 | D:5      | Killed Eustachio
  3575 | D:5      | Reached XP level 8. HP: 49/49 MP: 8/8
  3590 | D:5      | Noticed Menkaure
  3593 | D:5      | 3593 ||| FLEEEEING.
  3607 | D:5      | Killed Menkaure
  3774 | D:5      | Reached skill level 9 in Ranged Weapons
  3942 | D:5      | Noticed Sigmund
  3956 | D:5      | Killed Sigmund
  3957 | D:5      | Reached skill level 6 in Fighting
  4043 | D:5      | 4043 ||| READING scroll labelled AGEUCL ALUUL.
  4044 | D:5      | 4044 ||| DRINKING 2 lumpy sapphire potions.
  4045 | D:5      | 4045 ||| DRINKING 2 glowing silvery potions.
  4083 | D:5      | 4083 ||| READING 2 scrolls of identify.
  4083 | D:5      | 4083 ||| IDENTIFYING purple potion
  4084 | D:5      | 4084 ||| DROPPING potion of attraction.
  4085 | D:5      | 4085 ||| DROPPING potion of lignification.
  4154 | D:6      | Noticed a purple ugly thing
  4154 | D:6      | Noticed a small abomination
  4167 | D:6      | Found a one-way gate to the infinite horrors of the Abyss.
  4167 | D:6      | Noticed qw's ghost (novice GrHu)
  4320 | D:6      | Noticed a hell hog
  4330 | D:6      | HP: 8/51 [steam dragon/ball of steam (8)]
  4331 | D:6      | 4331 ||| READING scroll of teleportation.
  4542 | D:6      | Found a transporter.
  4552 | D:6      | Noticed an ice devil
  4588 | D:6      | Found a transporter.
  4771 | D:6      | Reached skill level 10 in Ranged Weapons
  4771 | D:6      | Reached XP level 9. HP: 55/55 MP: 9/9
  4795 | D:6      | Reached skill level 3 in Dodging
  5159 | D:6      | Found a runed translucent door.
  5160 | D:6      | Noticed Crazy Yiuf
  5163 | D:6      | 5163 ||| UPGRADING to ring of willpower.
  5164 | D:6      | 5164 ||| READING 2 scrolls labelled NEKHLE FUOH.
  5165 | D:6      | 5165 ||| DRINKING 2 grey potions.
  5166 | D:6      | 5166 ||| DROPPING scroll of amnesia.
  5232 | D:7      | Found a staircase to the Ecumenical Temple.
  5233 | D:7      | 5233 ||| PLANNING TEMPLE
  5248 | Temple   | Entered the Ecumenical Temple
  5249 | Temple   | 5249 ||| PLANNING OKAWARU WORSHIP
  5271 | Temple   | Became a worshipper of Warmaster Okawaru
  5272 | Temple   | 5272 ||| PLANNING D:1-11
  5365 | D:7      | 5365 ||| SWAPPING to +0 orcbow.
  5366 | D:7      | 5366 ||| DROPPING +1 heavy shortbow.
  5686 | D:7      | 5686 ||| Stepping ~*~*~tactically~*~*~ (retreating).
  5709 | D:7      | Reached skill level 11 in Ranged Weapons
  5894 | D:7      | Reached * piety under Okawaru
  6125 | D:7      | Reached skill level 1 in Invocations
  6302 | D:7      | 6302 ||| UPGRADING to +2 helmet.
  6307 | D:7      | 6307 ||| UPGRADING to ring of protection from cold.
  6308 | D:7      | 6308 ||| READING scroll labelled WAAS WYQAAZEI.
  6309 | D:7      | 6309 ||| READING scroll labelled QITUOSKISUDD.
  6310 | D:7      | 6310 ||| DRINKING 2 blue potions.
  6311 | D:7      | 6311 ||| READING 4 scrolls of identify.
  6311 | D:7      | 6311 ||| IDENTIFYING yellow potion
  6312 | D:7      | 6312 ||| READING 3 scrolls of identify.
  6312 | D:7      | 6312 ||| IDENTIFYING brown potion
  6313 | D:7      | 6313 ||| READING 2 scrolls of identify.
  6313 | D:7      | 6313 ||| IDENTIFYING black potion
  6314 | D:7      | 6314 ||| DROPPING potion of degeneration.
  6315 | D:7      | 6315 ||| DROPPING potion of invisibility.
  6348 | D:8      | 6348 ||| INVOKING Heroism.
  6365 | D:8      | 6365 ||| INVOKING Heroism.
  6530 | D:8      | 6530 ||| INVOKING Heroism.
  6931 | D:8      | Noticed Grum
  6932 | D:8      | 6932 ||| INVOKING Heroism.
  6933 | D:8      | 6933 ||| RETREEAATING.
  6937 | D:8      | 6937 ||| RETREEAATING.
  6938 | D:8      | 6938 ||| Stepping ~*~*~tactically~*~*~ (water).
  6947 | D:8      | 6947 ||| INVOKING Heroism.
  6955 | D:8      | Reached XP level 10. HP: 45/64 MP: 8/11
  6955 | D:8      | Killed Grum
  7038 | D:8      | 7038 ||| FLEEEEING.
  7039 | D:8      | 7039 ||| FLEEEEING.
  7043 | D:8      | 7043 ||| STAIRDANCE
  7115 | D:8      | 7115 ||| Stepping ~*~*~tactically~*~*~ (water).
  7118 | D:8      | 7118 ||| FLEEEEING.
  7119 | D:8      | 7119 ||| FLEEEEING.
  7120 | D:8      | 7120 ||| FLEEEEING.
  7120 | D:8      | Found a snail-covered altar of Cheibriados.
  7121 | D:8      | 7121 ||| FLEEEEING.
  7310 | D:8      | Noticed Psyche
  7311 | D:8      | 7311 ||| INVOKING Heroism.
  7338 | D:8      | Killed Psyche
  7339 | D:8      | Reached skill level 12 in Ranged Weapons
  7678 | D:8      | 7678 ||| INVOKING Heroism.
  7679 | D:8      | 7679 ||| Stepping ~*~*~tactically~*~*~ (cloud).
  7683 | D:8      | 7683 ||| Stepping ~*~*~tactically~*~*~ (cloud).
  7700 | D:8      | Reached skill level 3 in Invocations
  7700 | D:8      | 7700 ||| Stepping ~*~*~tactically~*~*~ (cloud).
  8059 | D:9      | 8059 ||| INVOKING Heroism.
  8254 | D:9      | 8254 ||| INVOKING Heroism.
  8282 | D:9      | Noticed a cyclops
  8283 | D:9      | 8283 ||| FLEEEEING.
  8290 | D:9      | 8290 ||| FLEEEEING.
  8306 | D:9      | 8306 ||| FLEEEEING.
  8307 | D:9      | 8307 ||| FLEEEEING.
  8308 | D:9      | 8308 ||| FLEEEEING.
  8309 | D:9      | 8309 ||| FLEEEEING.
  8310 | D:9      | 8310 ||| FLEEEEING.
  8336 | D:9      | Killed a cyclops
  8501 | D:9      | 8501 ||| INVOKING Heroism.
  8650 | D:9      | 8650 ||| INVOKING Heroism.
  8683 | D:9      | 8683 ||| FLEEEEING.
  8808 | D:9      | 8808 ||| INVOKING Heroism.
  8818 | D:9      | Reached skill level 13 in Ranged Weapons
  8819 | D:9      | 8819 ||| FLEEEEING.
  8820 | D:9      | 8820 ||| FLEEEEING.
  8821 | D:9      | 8821 ||| FLEEEEING.
  8822 | D:9      | 8822 ||| FLEEEEING.
  8823 | D:9      | 8823 ||| FLEEEEING.
  8824 | D:9      | 8824 ||| FLEEEEING.
  8825 | D:9      | 8825 ||| FLEEEEING.
  8826 | D:9      | 8826 ||| FLEEEEING.
  8827 | D:9      | 8827 ||| FLEEEEING.
  8828 | D:9      | 8828 ||| FLEEEEING.
  8829 | D:9      | 8829 ||| FLEEEEING.
  8830 | D:9      | 8830 ||| FLEEEEING.
  8831 | D:9      | 8831 ||| FLEEEEING.
  8839 | D:9      | 8839 ||| INVOKING Heroism.
  8883 | D:9      | 8883 ||| INVOKING Heroism.
  9003 | D:9      | Noticed a two-headed ogre
  9004 | D:9      | 9004 ||| INVOKING Heroism.
  9009 | D:9      | Killed a two-headed ogre
  9010 | D:9      | Reached skill level 9 in Fighting
  9010 | D:9      | Reached XP level 11. HP: 71/71 MP: 11/14
  9455 | D:9      | 9455 ||| DROPPING ring of ice.
  9456 | D:9      | 9456 ||| UPGRADING to +5 ring of evasion.
  9458 | D:9      | 9458 ||| READING scroll labelled EHAYLA MEAQE.
  9488 | D:10     | Entered Level 10 of the Dungeon
  9513 | D:10     | Identified the +2 scale mail "Evali" {rElec Str+4}
  9529 | D:10     | Found a broken altar of Ashenzari.
  9550 | D:10     | 9550 ||| READING scroll of enchant weapon.
  9550 | D:10     | 9550 ||| ENCHANTING +0 orcbow.
  9630 | D:10     | Noticed a two-headed ogre
  9635 | D:10     | 9635 ||| INVOKING Heroism.
  9641 | D:10     | Killed a two-headed ogre
  9641 | D:10     | Reached ** piety under Okawaru
  9752 | D:10     | 9752 ||| INVOKING Heroism.
  9793 | D:10     | 9793 ||| SWAPPING to +2 orcbow of flaming.
  9794 | D:10     | 9794 ||| DROPPING +1 orcbow.
  9833 | D:10     | Noticed Harold
  9834 | D:10     | 9834 ||| Stepping ~*~*~tactically~*~*~ (retreating).
  9835 | D:10     | 9835 ||| DRINKING 4 potions of curing.
  9835 | D:10     | 9835 ||| (to cure confusion)
  9836 | D:10     | 9836 ||| Stepping ~*~*~tactically~*~*~ (retreating).
  9837 | D:10     | 9837 ||| Stepping ~*~*~tactically~*~*~ (retreating).
  9838 | D:10     | 9838 ||| Stepping ~*~*~tactically~*~*~ (retreating).
  9843 | D:10     | Reached skill level 14 in Ranged Weapons
  9843 | D:10     | 9843 ||| INVOKING Heroism.
  9845 | D:10     | Paralysed by Harold for 4 turns
  9854 | D:10     | HP: 15/71 [something (8)]
  9855 | D:10     | 9855 ||| READING 2 scrolls of teleportation.
  9855 | D:10     | HP: 1/71 [something (11)]
  9855 | D:10     | Demolished by Harold

Levels and vault maps discovered:
D:1:      matt_arrival_grand_opening, layout_basic,
          ebering_ecumenical_altar_petrified
D:2:      layout_loops_cross, serial_aquarium, aquarium_bridge_straight
          [aquarium_subvault_bridge, aquarium_subvault_window,
          aquarium_subvault_bridge, aquarium_subvault_wall],
          aquarium_window_fake, aquarium_window_1, aquarium_view_2e,
          aquarium_view_2b
D:3:      cheibrodos_thug_alley, layout_loops_ring,
          ebering_ghost_reflecting_pool
D:4:      layout_loops_ring, mainiacjoe_overflow_catch_the_wave
D:5:      layout_loops_ring, uniq_menkaure, uniq_eustachio, uniq_sigmund
D:6:      layout_loops_ring, gammafunk_ghost_abyssal_escape,
          minmay_ogre_servants, uniq_crazy_yiuf_cottage
D:7:      layout_cave_pods, minmay_temple_entry_stoned_glass
D:8:      kennysheep_six_static_rooms, layout_basic,
          mainiacjoe_overflow_tiny_flanked, serial_bayou, serial_bayou_shore_b,
          serial_bayou_pond_c, serial_bayou_lagoon_a, serial_bayou_pond_c,
          uniq_grum, uniq_psyche
D:9:      layout_loops_corners
D:10:     layout_big_octagon, nicolae_overflow_hidden_temple,
          fiery_altar_vehumet, nicolae_ashenzari_panopticon,
          mainiacjoe_overflow_boulevard, trove_entry_hex_spiral, enter_bailey_4,
          minivault_4, kennysheep_path_1, uniq_harold, uniq_nergalle,
          uniq_josephine
Temple:   minmay_temple_curvy_branch

Skill      XL: |  1  2  3  4  5  6  7  8  9 10 11 |
---------------+----------------------------------+-----
Ranged Weapons | 5 6 7 8 10 11 13 14 | 14.0
Fighting       | 3 4 5 6 8 9 |  9.5
Armour         | 1 2 |  2.2
Dodging        | 2 3 4 |  4.1
Invocations    | 2 4 |  4.0
Stealth        | |  1.1

Action                     |  1- 3 |  4- 6 |  7- 9 | 10-12 || total
---------------------------+-------+-------+-------+-------++-------
   Fire: Shortbow          |   126 |   156 |   197 |       ||   479
         Orcbow            |       |       |   170 |   337 ||   507
 Invoke: Heroism           |       |       |     5 |    13 ||    18
    Use: Scroll            |     5 |     6 |     9 |     3 ||    23
         Potion            |       |       |     5 |     1 ||     6
 Armour: Leather armour    |    40 |     4 |   195 |   174 ||   413
         Ring mail         |       |    41 |       |       ||    41
  Dodge: Dodged            |    49 |    45 |   151 |   131 ||   376

Table legend:
 A = Non-vault XP
 B = Vault XP
 C = Vault XP percentage of total XP
 D = Non-vault monster count
 E = Vault monster count
 F = Vault count percentage of total count
                 A         B        C        D         E       F
            +---------+---------+-------+---------+---------+-------
      Total |    9752 |    2165 |  18.2 |     183 |      33 |  15.3
            +---------+---------+-------+---------+---------+-------
        D:1 |      40 |       0 |   0.0 |      23 |       0 |   0.0
        D:2 |      38 |       0 |   0.0 |      12 |       0 |   0.0
        D:3 |      29 |     211 |  87.9 |      10 |      11 |  52.4
        D:4 |     291 |       0 |   0.0 |      28 |       0 |   0.0
        D:5 |     630 |     586 |  48.2 |      16 |       3 |  15.8
        D:6 |     687 |     128 |  15.7 |      11 |       9 |  45.0
        D:7 |    1015 |       0 |   0.0 |      24 |       0 |   0.0
        D:8 |     979 |    1240 |  55.9 |      11 |      10 |  47.6
        D:9 |    3740 |       0 |   0.0 |      35 |       0 |   0.0
       D:10 |    2303 |       0 |   0.0 |      13 |       0 |   0.0
            +---------+---------+-------+---------+---------+-------
